 Dungeon Crawl Stone Soup version 0.27-a0-79-gcaaa221d37 (webtiles) character file.

Game seed: 12007144496547566787

284 kae the Insei (level 6, 0/38 HPs)
             Began as an Octopode Transmuter on Jan 14, 2021.
             Succumbed to an orc wizard's poison
             ... on level 4 of the Dungeon.
             The game lasted 00:02:16 (3160 turns).

kae the Insei (Octopode Transmuter)                 Turns: 3160, Time: 00:02:17

Health: 0/38       AC:  1    Str: 11    XL:     6   Next: 29%
Magic:  10/10      EV: 13    Int: 16    God:
Gold:   221        SH:  0    Dex: 12    Spells: 2/10 levels left

rFire    . . .     SeeInvis .     - Unarmed
rCold    . . .     Faith    .   (no shield)
rNeg     . . .     Spirit   .   (helmet currently unavailable)
rPois    .         Reflect  .   b - amulet of regeneration
rElec    .         Harm     .   (no ring)
rCorr    .         Rampage  .   (no ring)
Will     .....                  (no ring)
Stlth    ++........             (no ring)
HPRegen  0.52/turn              (no ring)
MPRegen  0.12/turn              (no ring)
                                (no ring)
                                (no ring)

@: lethally poisoned (0 -> -1), appendages
A: almost no armour, stealthy swim, amphibious, 8 rings, constrict 8, tentacle
spike 3, camouflage 1, gelatinous body 1
a: End Transformation


You were on level 4 of the Dungeon.
One of your tentacles had a temporary spike.
You visited 1 branch of the dungeon, and saw 4 of its levels.

You collected 221 gold pieces.

Inventory:

Jewellery
 b - an amulet of regeneration (around mantle)
 f - an uncursed ring of ice
Scrolls
 a - 4 scrolls of identify
 c - 4 scrolls of teleportation
 d - 2 scrolls of amnesia
 g - a scroll of immolation
 i - a scroll of remove curse {unknown}
 m - 2 scrolls of fear
 n - a scroll of enchant weapon
 o - 2 scrolls of enchant armour {unknown}
 p - a scroll of magic mapping {unknown}
Potions
 h - a potion of berserk rage {unknown}
 j - a potion of brilliance {unknown}
 k - a potion of degeneration {unknown}
 l - a potion of might {unknown}
 q - 3 potions of ambrosia {unknown}
 r - a potion of haste {unknown}


   Skills:
 - Level 1.4 Fighting
 - Level 2.3 Dodging
 * Level 4.5 Unarmed Combat
 + Level 2.8 Spellcasting
 + Level 3.0 Transmutations
 * Level 1.7 Ice Magic
 - Level 3.0 Poison Magic


You had 2 spell levels left.
You knew the following spells:

 Your Spells              Type           Power        Failure   Level
a - Beastly Appendage     Tmut           24%          5%          1
b - Spider Form           Tmut/Pois      5%           17%         3
c - Ice Form              Ice/Tmut       9%           56%         4

Your spell library contained the following spells:

 Spells                   Type           Power        Failure   Level
 Wereblood                Tmut           12%          9%          2
 Blade Hands              Tmut           6%           83%         5


Dungeon Overview and Level Annotations

Branches:
Dungeon (4/15)
 Temple: D:4-7

Altars:
Qazlal


Innate Abilities, Weirdness & Mutations

You cannot wear most types of armour.
You are very stealthy in the water. (Stealth+)
You are amphibious.
You can wear up to eight rings at the same time.
You can use your tentacles to constrict eight enemies at once.
Your skin changes colour to match your surroundings (Stealth+).
Your rubbery body absorbs attacks. (AC +1, EV +1)
One of your tentacles bears a large vicious spike.


Message History

The orc wizard gestures at you while chanting.
You are confused.
You're too confused to move!
The orc barely misses you. The orc wizard closely misses you.
The orc misses you.
You feel better. The orc hits you with a +0 hand axe.
* * * LOW HITPOINT WARNING * * *
The orc wizard hits you with a +0 dagger of venom.
* * * LOW HITPOINT WARNING * * *
You are poisoned.
You closely miss the orc wizard. You grab the orc wizard.
You squeeze the orc wizard.
The orc wizard is severely wounded.
You constrict the orc wizard, but do no damage.
You feel sick. The orc closely misses you. The orc hits you with a +0 hand axe!
* * * LOW HITPOINT WARNING * * *
The orc wizard hits you with a +0 dagger of venom.
* * * LOW HITPOINT WARNING * * *
You tentacle-slap the orc wizard.
You kill the orc wizard!
You die...

.......##.###
......^...... .
#######.###.#.. ..
..#........)#.. ...
####.#.####.#####.
....
..#.#........#...
#....
#.#.#######..#.#.
#..##o#.## #........
#..o@....# #.##.#.#.
##.#)....####.##.#.#.
.. #.[........##.#.#.
## #.....#######.#.#.
#.....# #.....#.##
#.....# #.###.#.#.
#.....###.# #...#.
######....# ##..#.
#.#######..#.


You could see 2 orcs.

Vanquished Creatures
  An ogre (D:4)
  An orc wizard (D:4)
  A worker ant (D:3)
  5 adders
  4 gnolls (D:4)
  2 oozes
  3 worms
  4 dart slugs
  3 leopard geckos
  6 orcs (D:4)
  4 bats
  2 giant cockroaches (D:1)
  4 goblins
  7 hobgoblins
  4 jackals (D:3)
  3 quokkas
  2 ball pythons
  2 frilled lizards (D:3)
  7 kobolds
  5 rats
70 creatures vanquished.

Notes
Turn   | Place    | Note
-------+----------+-------------------------------------------
     0 | D:1      | kae the Octopode Transmuter began the quest for the Orb.
     0 | D:1      | Reached XP level 1. HP: 13/13 MP: 3/3
   145 | D:1      | Reached XP level 2. HP: 18/18 MP: 3/5
   565 | D:2      | Reached XP level 3. HP: 23/23 MP: 4/6
   572 | D:2      | Learned a level 3 spell: Spider Form
   726 | D:2      | Found a stormy altar of Qazlal.
   998 | D:2      | Reached skill level 1 in Poison Magic
   998 | D:2      | Reached XP level 4. HP: 28/28 MP: 5/7
  1902 | D:3      | Reached skill level 4 in Unarmed Combat
  1902 | D:3      | Reached XP level 5. HP: 33/33 MP: 6/8
  1907 | D:3      | Learned a level 4 spell: Ice Form
  2409 | D:3      | Noticed an orc warrior
  2409 | D:3      | Noticed a water moccasin
  2647 | D:4      | Noticed an ogre
  2670 | D:4      | Killed an ogre
  2671 | D:4      | Reached skill level 1 in Ice Magic
  2671 | D:4      | Reached XP level 6. HP: 38/38 MP: 6/10
  3159 | D:4      | HP: 1/38 [orc wizard/+0 dagger of venom (1)]
  3160 | D:4      | Succumbed to an orc wizard's poison

Illustrated notes

Levels and vault maps discovered:
D:1:      beargit_arrival_greenhouse, layout_rooms
D:2:      layout_basic, overflow_temple_1_default
D:3:      layout_basic, lightli_corner_chamber
D:4:      layout_basic

Skill      XL: |  1  2  3  4  5  6 |
---------------+-------------------+-----
Poison Magic   | 1 2 3 |  3.0
Unarmed Combat | 4 |  4.5
Transmutations | 3 |  3.0
Ice Magic      | 1 |  1.7
Fighting       | |  1.4
Dodging        | |  2.3
Spellcasting   | |  2.8

Action                   |  1- 3 |  4- 6 || total
-------------------------+-------+-------++-------
Melee: Unarmed           |    62 |    97 ||   159
       Constrict         |    17 |    22 ||    39
       Tentacles         |    10 |    20 ||    30
       Kick              |     7 |    18 ||    25
       Punch             |     1 |     5 ||     6
 Cast: Beastly Appendage |    17 |    24 ||    41
       Spider Form       |       |     2 ||     2
  Use: Scroll            |     6 |       ||     6
       Potion            |       |     2 ||     2
 Stab: Sleeping          |     4 |     5 ||     9
Armor: Skin              |     5 |     5 ||    10
Dodge: Dodged            |    50 |    58 ||   108

Table legend: (Time is in decaauts)
 A = Elapsed time spent in this place.
 B = Non-inter-level travel time spent in this place.
 C = Inter-level travel time spent in this place.
 D = Time resting spent in this place.
 E = Time spent auto-exploring this place.
 F = Levels seen in this place.
 G = Mean time per level.
                   A        B        C        D        E       F      G
               +--------+--------+--------+--------+--------+-----+--------+
         Total |   3148 |   2945 |    203 |    365 |   2080 |   4 |  787.0 |
       Dungeon |   3148 |   2945 |    203 |    365 |   2080 |   4 |  787.0 |
               +--------+--------+--------+--------+--------+-----+--------+

Top non-repeatable levels by time:
     D:3: 1119 daAuts
     D:2: 949 daAuts
     D:4: 567 daAuts
     D:1: 512 daAuts
